 Dungeon Crawl Stone Soup version 0.21-a0-133-gf55ed5b (webtiles) character file.

2 4thArraOfDagon the Magician (level 1, 0/15 HPs)
             Began as a Gnoll Wanderer on July 17, 2017.
             Slain by a jackal (2 damage)
             ... on level 3 of the Dungeon.
             The game lasted 00:00:49 (157 turns).

4thArraOfDagon the Magician (Gnoll Wanderer)         Turns: 157, Time: 00:00:50

Health: 0/15       AC:  0    Str:  7    XL:     1   Next: 40%
Magic:  5/5        EV: 17    Int:  7    God:
Gold:   15         SH:  0    Dex:  7    Spells: 8/8 levels left

rFire    . . .     SeeInvis .   (weapon currently unavailable)
rCold    . . .     Gourm    .   (shield currently unavailable)
rNeg     . . .     Faith    .   (armour currently unavailable)
rPois    .         Spirit   .   (helmet currently unavailable)
rElec    .         Reflect  .   (cloak currently unavailable)
rCorr    .         Harm     .   (gloves currently unavailable)
MR       .....                  (boots currently unavailable)
Stlth    +.........             (no amulet)
HPRegen  0.05/turn              (ring currently unavailable)
MPRegen  0.09/turn              (ring currently unavailable)

@: bat-form, flying, very quick
A: unchanging attributes, strong nose
a: no special abilities


You were on level 3 of the Dungeon.
You were not hungry.
You were in bat-form.
You visited 1 branch of the dungeon, and saw 3 of its levels.

You collected 15 gold pieces.

Inventory:

Hand Weapons
 e - a +0 club (melded)
Armour
 d - a +0 robe (melded)
Wands
 i - a wand of polymorph (6/24)
Potions
 c - a potion of lignification
 g - a potion of mutation {unknown}
 h - a potion of degeneration {unknown}
 j - a potion of heal wounds {unknown}
Books
 a - a book of Maledictions

   Spells                             Type                      Level
   a - Corona                         Hexes                        1
   b - Ensorcelled Hibernation        Hexes/Ice                    2
   c - Confuse                        Hexes                        3
   d - Tukima's Dance                 Hexes                        3
   e - Dazzling Spray                 Conjuration/Hexes            3
 b - the Volume of Conjuration

   Spells                             Type                      Level
   a - Searing Ray                    Conjuration                  2
   b - Throw Flame                    Conjuration/Fire             2
Comestibles
 f - a bread ration


   Skills:
 + Level 1.5 Fighting
 * Level 1.7 Maces & Flails
 + Level 1.5 Armour
 - Level 4.4 Spellcasting
   Level 1.3 Hexes
   Level 1.3 Air Magic
 - Level 2.6 Evocations


You had 8 spell levels left.
You didn't know any spells.

Dungeon Overview and Level Annotations

Branches:
Dungeon (3/15)

Altars:
Fedhas


Innate Abilities, Weirdness & Mutations

Your physical attributes are unchanging.
((You have very sharp teeth.))
Your uncanny sense of smell can sniff out nearby items.


Message History

* * * LOW HITPOINT WARNING * * *
You completely miss the rat. The jackal barely misses you.
The rat closely misses you. The jackal barely misses you.
You hit the rat but do no damage. The jackal barely misses you.
The rat misses you.
You hit the rat but do no damage. The jackal misses you.
The rat closely misses you. The jackal barely misses you.
You hit the rat but do no damage. The jackal barely misses you.
The rat barely misses you.
You barely miss the rat. The jackal barely misses you.
The rat closely misses you.
You barely miss the rat. The jackal completely misses you.
The rat completely misses you. The jackal closely misses you.
You hit the rat but do no damage. The jackal misses you.
The rat barely misses you.
You hit the rat but do no damage. The jackal bites you.
* * * LOW HITPOINT WARNING * * *
The rat misses you.
You closely miss the rat. The jackal bites you.
You die...

.._..# #..#
.#+##.#.###########..####
.........................
.........##########......
...#####.# #.##### #h#
#.# # #h# #.# # #h# #.. #
#b# ####.## #r# #......
#.# #.##.#. #.# # #. #.#
#. #.# #. #.# #. ..# #.
#.


You could see 3 jackals and a rat.

Vanquished Creatures
  A hobgoblin (D:2)
  A frilled lizard (D:3)
  A rat (D:3)
3 creatures vanquished.

Notes
Turn   | Place    | Note
-------+----------+-------------------------------------------
     0 | D:1      | 4thArraOfDagon the Gnoll Wanderer began the quest for the Orb.
     0 | D:1      | 4thArraOfDagon set off with: a book of Maledictions, the Volume of Conjuration, a potion of lignification, a +0 robe, a +0 club, a bread ration
     0 | D:1      | Reached XP level 1. HP: 15/15 MP: 5/5
    15 | D:1      | Identified the Volume of Conjuration
   132 | D:3      | Found a blossoming altar of Fedhas.
   157 | D:3      | Slain by a jackal

Vault maps used:
D:1:      minmay_arrival_loop
D:2:      minmay_tetromino_s2, uniq_terence, uniq_crazy_yiuf_cottage
D:3:      doesnt_xom_only_xom, lemuel_crystal_altar

Action                   || total
-------------------------++-------
Melee: Club              ||    20
       Unarmed           ||    17
Evoke: Wand              ||     1
Armor: Robe              ||     1
Dodge: Dodged            ||    46
